EL
MONTGOMERY BISCUITS @ NORTHWEST ARKANSAS NATURALS
07/04/2048
 
TOP OF THE 1ST
Montgomery Biscuits batting - Pitching for Northwest Arkansas Naturals : RHP Kevin Tumbleson
Pitching: RHP Kevin Tumbleson
Batting: LHB Darryl Gonnella 0-0: Called Strike
0-1: Foul Ball, location: 2F
0-2: Ball
1-2: Ball
2-2: SINGLE (Groundball, 6D, EV 107.5 MPH)
Batting: RHB Chris Thorson 0-0: Called Strike
0-1: Ball
1-1: Fly out, F6 (Popup, 6MD, EV 67.5 MPH)
Batting: RHB Alex Diaz 0-0: Called Strike
0-1: Ball
1-1: Swinging Strike
1-2: Strikes out swinging
Batting: LHB Eric Toney 0-0: Swinging Strike
0-1: Swinging Strike
0-2: Foul Ball, location: 2F
0-2: Ground out 4-3 (Groundball, 34S, EV 83.1 MPH)
Top of the 1st over - 0 runs, 1 hit, 0 errors, 1 left on base; Montgomery 0 - Northwest Arkansas 0
BOTTOM OF THE 1ST
Northwest Arkansas Naturals batting - Pitching for Montgomery Biscuits : RHP Miguel Romero
Pitching: RHP Miguel Romero
Batting: SHB Ryoji Hiraoka 0-0: Swinging Strike
0-1: Called Strike
0-2: Ball
1-2: Strikes out swinging
Batting: RHB Kazuki Arai 0-0: Called Strike
0-1: Foul Ball, location: 2F
0-2: Ball
1-2: Foul Ball, location: 2F
1-2: Foul Ball, location: 2F
1-2: Hit by Pitch
Batting: RHB Kevin Wimberly 0-0: Foul Ball, location: 2F
0-1: Called Strike
Balk!
Kazuki Arai to second
0-2: Strikes out swinging
Batting: RHB Andy Urquhart 0-0: Foul Ball, location: 2F
0-1: Ball
1-1: Called Strike
1-2: Ball
Wild Pitch!
Kazuki Arai to third
2-2: Fly out, F8 (Flyball, 78M, EV 96.9 MPH)
Bottom of the 1st over - 0 runs, 0 hits, 0 errors, 1 left on base; Montgomery 0 - Northwest Arkansas 0
TOP OF THE 2ND
Montgomery Biscuits batting - Pitching for Northwest Arkansas Naturals : RHP Kevin Tumbleson
Batting: RHB James Huddleston 0-0: Ball
1-0: Fly out, F9 (Flyball, 89M, EV 86.9 MPH)
Batting: RHB Nelle Lommen 0-0: Ball
1-0: Called Strike
1-1: Foul Ball, location: 2F
1-2: Ball
2-2: Strikes out swinging
Batting: RHB John Downing 0-0: DOUBLE (Line Drive, 78M, EV 100.6 MPH)
Batting: RHB Roberto Aispuro 0-0: Ball
1-0: Foul Ball, location: 2F
1-1: Foul Ball, location: 2F
1-2: TRIPLE (Line Drive, 8RXD, EV 105.6 MPH)
John Downing scores
Batting: RHB Khalil Walker 0-0: Ball
1-0: Foul Ball, location: 2F
1-1: Foul Ball, location: 2F
1-2: Fly out, F2 (Popup, 2LF, EV 90.0 MPH)
Top of the 2nd over - 1 run, 2 hits, 0 errors, 1 left on base; Montgomery 1 - Northwest Arkansas 0
BOTTOM OF THE 2ND
Northwest Arkansas Naturals batting - Pitching for Montgomery Biscuits : RHP Miguel Romero
Batting: RHB William Lung 0-0: Ball
1-0: SINGLE (Groundball, 56D, EV 96.9 MPH)
Batting: RHB Edwin Ramos 0-0: Called Strike
0-1: Ground out 5-3 (Groundball, 56S, EV 68.1 MPH)
William Lung to second
Batting: RHB Eric Erickson 0-0: Fly out, F9 (Flyball, 89M, EV 73.8 MPH)
Batting: SHB Danny Ballenger 0-0: Foul Ball, location: 2F
0-1: Called Strike
0-2: Ground out U3 (Groundball, 3, EV 88.1 MPH)
Bottom of the 2nd over - 0 runs, 1 hit, 0 errors, 1 left on base; Montgomery 1 - Northwest Arkansas 0
TOP OF THE 3RD
Montgomery Biscuits batting - Pitching for Northwest Arkansas Naturals : RHP Kevin Tumbleson
Pitching: RHP Brian Straub
Batting: LHB Darryl Gonnella 0-0: Ball
1-0: Foul Ball, location: 2F
1-1: Foul Ball, location: 2F
1-2: Hit by Pitch
Batting: RHB Chris Thorson 0-0: Called Strike
0-1: Grounds into double play, 4-6-3 (Groundball, 34S, EV 86.9 MPH)
Batting: RHB Alex Diaz 0-0: Ball
1-0: Ball
2-0: Called Strike
2-1: Ground out 4-3 (Groundball, 4, EV 80.0 MPH)
Top of the 3rd over - 0 runs, 0 hits, 0 errors, 0 left on base; Montgomery 1 - Northwest Arkansas 0
BOTTOM OF THE 3RD
Northwest Arkansas Naturals batting - Pitching for Montgomery Biscuits : RHP Miguel Romero
Batting: RHB Gabe Ochoa 0-0: Ground out U3 (Groundball, 3S, EV 89.4 MPH)
Batting: SHB Ryoji Hiraoka 0-0: Hit by Pitch
Batting: RHB Kazuki Arai 0-0: Ball
Ryoji Hiraoka is caught stealing 2nd base 2-4
1-0: Swinging Strike
1-1: Fly out, F4 (Popup, 34, EV 64.4 MPH)
Bottom of the 3rd over - 0 runs, 0 hits, 0 errors, 0 left on base; Montgomery 1 - Northwest Arkansas 0
TOP OF THE 4TH
Montgomery Biscuits batting - Pitching for Northwest Arkansas Naturals : RHP Brian Straub
Batting: LHB Eric Toney 0-0: Ball
1-0: Called Strike
1-1: Ground out 4-3 (Groundball, 4, EV 90.0 MPH)
Batting: RHB James Huddleston 0-0: Ball
1-0: Ball
2-0: Foul Ball, location: 2F
2-1: Foul Ball, location: 2F
2-2: SINGLE (Line Drive, 89S, EV 110.0 MPH)
Batting: RHB Nelle Lommen 0-0: Foul Ball, location: 2F
0-1: Ball
1-1: Foul Ball, location: 2F
1-2: Ball
2-2: Ball
3-2: Foul Ball, location: 2F
3-2: Strikes out swinging
Batting: RHB John Downing 0-0: Foul Ball, location: 2F
0-1: Ball
James Huddleston steals 2nd, throwing error, E2
James Huddleston to third
1-1: Ground out 5-3 (Groundball, 5, EV 80.6 MPH)
Top of the 4th over - 0 runs, 1 hit, 1 error, 1 left on base; Montgomery 1 - Northwest Arkansas 0
BOTTOM OF THE 4TH
Northwest Arkansas Naturals batting - Pitching for Montgomery Biscuits : RHP Miguel Romero
Batting: RHB Kevin Wimberly 0-0: Foul Ball, location: 2F
0-1: Ball
1-1: Called Strike
1-2: Ball
2-2: Strikes out swinging
Batting: RHB Andy Urquhart 0-0: Called Strike
0-1: Fly out, F9 (Line Drive, 9D, EV 95.6 MPH)
Batting: RHB William Lung 0-0: Foul Ball, location: 2F
0-1: Ground out 3-1 (Groundball, 34S, EV 93.1 MPH)
Bottom of the 4th over - 0 runs, 0 hits, 0 errors, 0 left on base; Montgomery 1 - Northwest Arkansas 0
TOP OF THE 5TH
Montgomery Biscuits batting - Pitching for Northwest Arkansas Naturals : RHP Brian Straub
Batting: RHB Roberto Aispuro 0-0: Ball
1-0: SINGLE (Flyball, 8RS, EV 96.2 MPH)
Batting: RHB Khalil Walker 0-0: Foul Ball, location: 2F
0-1: Foul Ball, location: 2F
0-2: Strikes out swinging
Pitching: RHP Junsuke Abe
Batting: LHB Darryl Gonnella 0-0: Ball
Roberto Aispuro is caught stealing 2nd base 2-6
1-0: Ball
2-0: Called Strike
2-1: Foul Ball, location: 2F
2-2: Foul Ball, location: 2F
2-2: Ball
3-2: Hit by Pitch
Batting: RHB Chris Thorson 0-0: Ball
1-0: Called Strike
1-1: Swinging Strike
1-2: SINGLE (Groundball, 5D, EV 103.1 MPH)
Darryl Gonnella to second
Batting: RHB Alex Diaz 0-0: Called Strike
0-1: Ball
1-1: Foul Ball, location: 2F
1-2: Ball
2-2: Ball
Wild Pitch!
Darryl Gonnella to third
Chris Thorson to second
3-2: Foul Ball, location: 2F
3-2: Foul Ball, location: 2F
3-2: SINGLE (Groundball, 6MS, EV 70.0 MPH) (infield hit)
Darryl Gonnella scores
Chris Thorson to third
Batting: LHB Eric Toney 0-0: Ball
1-0: Ball
2-0: Ball
3-0: SINGLE (Line Drive, 9LS, EV 98.1 MPH)
Chris Thorson scores
Alex Diaz to second
Runner from 2nd tries for 3rd, SAFE, throw by RF made to third
Batting: RHB James Huddleston 0-0: Foul Ball, location: 2F
0-1: Foul Ball, location: 2F
0-2: Ball
1-2: Ball
2-2: Foul Ball, location: 2F
2-2: Ball
3-2: Strikes out swinging, 2-3 out at first.
Top of the 5th over - 2 runs, 4 hits, 0 errors, 2 left on base; Montgomery 3 - Northwest Arkansas 0
BOTTOM OF THE 5TH
Northwest Arkansas Naturals batting - Pitching for Montgomery Biscuits : RHP Miguel Romero
Batting: RHB Edwin Ramos 0-0: Called Strike
0-1: Foul Ball, location: 2F
0-2: Ball
1-2: Foul Ball, location: 2F
1-2: Ball
2-2: SINGLE (Line Drive, 89S, EV 88.1 MPH)
Batting: RHB Eric Erickson 0-0: Ball
1-0: Called Strike
1-1: Foul Ball, location: 2F
1-2: Ball
2-2: Ball
3-2: Fly out, F7 (Flyball, 7LS, EV 90.0 MPH)
Batting: SHB Danny Ballenger 0-0: Ball
1-0: Foul Ball, location: 2F
1-1: Grounds into double play, 4-6-3 (Groundball, 4, EV 111.2 MPH)
Bottom of the 5th over - 0 runs, 1 hit, 0 errors, 0 left on base; Montgomery 3 - Northwest Arkansas 0
TOP OF THE 6TH
Montgomery Biscuits batting - Pitching for Northwest Arkansas Naturals : RHP Junsuke Abe
Batting: RHB Nelle Lommen 0-0: Foul Ball, location: 2F
0-1: Ball
1-1: SINGLE (Groundball, 6MS, EV 63.8 MPH) (infield hit)
Pitching: RHP Kevin Fleming
Batting: RHB John Downing 0-0: Ground out 6-3 (Groundball, 6MS, EV 85.0 MPH)
Nelle Lommen to second
Batting: RHB Roberto Aispuro 0-0: Ground out 4-3 (Groundball, 4, EV 79.4 MPH)
Nelle Lommen to third
Batting: RHB Khalil Walker 0-0: Foul Ball, location: 2F
0-1: Ball
1-1: Called Strike
1-2: SINGLE (Line Drive, 34, EV 95.6 MPH)
Nelle Lommen scores
Batting: LHB Darryl Gonnella 0-0: Called Strike
0-1: Fly out, F9 (Flyball, 9S, EV 95.6 MPH)
Top of the 6th over - 1 run, 2 hits, 0 errors, 1 left on base; Montgomery 4 - Northwest Arkansas 0
BOTTOM OF THE 6TH
Northwest Arkansas Naturals batting - Pitching for Montgomery Biscuits : RHP Miguel Romero
Batting: RHB Gabe Ochoa 0-0: Foul Ball, location: 2F
0-1: SINGLE (Groundball, 6D, EV 98.8 MPH)
Batting: SHB Ryoji Hiraoka 0-0: Foul Ball, location: 2F
0-1: Ball
1-1: Ball
2-1: Swinging Strike
2-2: Ball
3-2: Base on Balls
Gabe Ochoa to second
Batting: RHB Kazuki Arai 0-0: Swinging Strike
0-1: Ball
1-1: Ball
2-1: Fly out, F1 (Popup, P, EV 81.9 MPH)
Batting: RHB Kevin Wimberly 0-0: Ball
1-0: Swinging Strike
1-1: Ball
2-1: Swinging Strike
2-2: Foul Ball, location: 2F
2-2: Ball
3-2: Strikes out swinging
Batting: RHB Andy Urquhart 0-0: Foul Ball, location: 2F
0-1: Ball
1-1: Swinging Strike
1-2: Foul Ball, location: 2F
1-2: Ball
2-2: SINGLE (Groundball, 56S, EV 74.4 MPH) (infield hit)
Gabe Ochoa to third
Ryoji Hiraoka to second
Batting: RHB William Lung 0-0: Called Strike
0-1: Ball
1-1: Ball
2-1: Ball
Wild Pitch!
Gabe Ochoa scores
Ryoji Hiraoka to third
Andy Urquhart to second
3-1: Called Strike
3-2: DOUBLE (Flyball, 8LXD, EV 106.9 MPH)
Ryoji Hiraoka scores
Andy Urquhart scores
Batting: RHB Edwin Ramos 0-0: Ball
1-0: Ball
2-0: Ball
3-0: Foul Ball, location: 2F
3-1: Foul Ball, location: 2F
3-2: Ground out 1-3 (Groundball, P, EV 70.0 MPH)
Bottom of the 6th over - 3 runs, 3 hits, 0 errors, 1 left on base; Montgomery 4 - Northwest Arkansas 3
TOP OF THE 7TH
Montgomery Biscuits batting - Pitching for Northwest Arkansas Naturals : RHP Kevin Fleming
Batting: RHB Chris Thorson 0-0: Called Strike
0-1: Ball
1-1: Fly out, F7 (Flyball, 78M, EV 91.2 MPH)
Batting: RHB Alex Diaz 0-0: Swinging Strike
0-1: Ball
1-1: Called Strike
1-2: Ball
2-2: Strikes out swinging
Batting: LHB Eric Toney 0-0: Ball
1-0: Foul Ball, location: 2F
1-1: Called Strike
1-2: Ball
2-2: Foul Ball, location: 2F
2-2: Fly out, F8 (Line Drive, 78M, EV 96.2 MPH)
Top of the 7th over - 0 runs, 0 hits, 0 errors, 0 left on base; Montgomery 4 - Northwest Arkansas 3
BOTTOM OF THE 7TH
Northwest Arkansas Naturals batting - Pitching for Montgomery Biscuits : RHP Miguel Romero
Batting: RHB Eric Erickson 0-0: Ball
1-0: Foul Ball, location: 2F
1-1: Foul Ball, location: 2F
1-2: Foul Ball, location: 2F
1-2: Foul Ball, location: 2F
1-2: Fly out, F4 (Popup, 3DF, EV 65.0 MPH)
Pitching: RHP Jaime Astacio
Batting: SHB Danny Ballenger 0-0: Swinging Strike
0-1: Fly out, F9 (Flyball, 89S, EV 90.0 MPH)
Pinch Hitting: LHB Joe Cozart 0-0: Ball
1-0: Called Strike
1-1: Called Strike
1-2: Strikes out swinging
Bottom of the 7th over - 0 runs, 0 hits, 0 errors, 0 left on base; Montgomery 4 - Northwest Arkansas 3
TOP OF THE 8TH
Montgomery Biscuits batting - Pitching for Northwest Arkansas Naturals : RHP Kevin Fleming
Pitching: RHP Matthew Orphan
Now at 3B: Joe Cozart
Now at SS: Andy Urquhart
Batting: RHB James Huddleston 0-0: Ball
1-0: Ball
2-0: Ball
3-0: Called Strike
3-1: Called Strike
3-2: Base on Balls
Batting: RHB Nelle Lommen 0-0: Bunt missed!
0-1: Ball
1-1: Bunted foul
1-2: Ball
2-2: Ball
3-2: Fly out, F9 (Line Drive, 9D, EV 96.9 MPH)
Batting: RHB John Downing 0-0: Grounds into double play, 5-4-3 (Groundball, 56S, EV 94.4 MPH)
Top of the 8th over - 0 runs, 0 hits, 0 errors, 0 left on base; Montgomery 4 - Northwest Arkansas 3
BOTTOM OF THE 8TH
Northwest Arkansas Naturals batting - Pitching for Montgomery Biscuits : RHP Jaime Astacio
Batting: SHB Ryoji Hiraoka 0-0: Called Strike
0-1: Ball
1-1: Fly out, F6 (Line Drive, 6M, EV 66.2 MPH)
Batting: RHB Kazuki Arai 0-0: Ball
1-0: Called Strike
1-1: Foul Ball, location: 2F
1-2: Strikes out swinging
Batting: RHB Kevin Wimberly 0-0: Called Strike
0-1: Ball
1-1: Ball
2-1: Swinging Strike
2-2: Strikes out looking
Bottom of the 8th over - 0 runs, 0 hits, 0 errors, 0 left on base; Montgomery 4 - Northwest Arkansas 3
TOP OF THE 9TH
Montgomery Biscuits batting - Pitching for Northwest Arkansas Naturals : RHP Matthew Orphan
Pitching: RHP Justin Nipper
Batting: RHB Roberto Aispuro 0-0: SINGLE (Line Drive, 4MD, EV 99.4 MPH)
Batting: RHB Khalil Walker 0-0: Bunt missed!
0-1: Ball
1-1: Sac Bunt to 15 - play at first, batter OUT! 1-3
Roberto Aispuro to second
Batting: LHB Darryl Gonnella 0-0: Intentional Walk
Batting: RHB Chris Thorson 0-0: Called Strike
0-1: Called Strike
0-2: Fly out, F6 (Line Drive, 56D, EV 69.4 MPH)
Batting: RHB Alex Diaz 0-0: Called Strike
0-1: Foul Ball, location: 2F
0-2: Ball
1-2: Ball
2-2: Foul Ball, location: 2F
2-2: Ball
3-2: Ground out 6-3 (Groundball, 6, EV 89.4 MPH)
Top of the 9th over - 0 runs, 1 hit, 0 errors, 2 left on base; Montgomery 4 - Northwest Arkansas 3
BOTTOM OF THE 9TH
Northwest Arkansas Naturals batting - Pitching for Montgomery Biscuits : RHP Jaime Astacio
Pitching: RHP Josh McMahan
Now at C: Alex Diaz
Now at 2B: Khalil Walker
Now at 3B: John Downing
Now at SS: Danny Hull
Batting: RHB Andy Urquhart 0-0: Called Strike
0-1: Ball
1-1: Ball
2-1: Swinging Strike
2-2: Strikes out swinging
Batting: RHB William Lung 0-0: Ball
1-0: Ball
2-0: Foul Ball, location: 2F
2-1: Fly out, F7 (Flyball, 78M, EV 85.0 MPH)
Batting: RHB Edwin Ramos 0-0: Ball
1-0: Called Strike
1-1: Ball
2-1: Foul Ball, location: 2F
2-2: Strikes out looking
Bottom of the 9th over - 0 runs, 0 hits, 0 errors, 0 left on base; Montgomery 4 - Northwest Arkansas 3
Tuesday, March 28th , 2023 - OOTP Baseball 23.10 Build 110